 Dungeon Crawl Stone Soup version 0.23-a0-175-g97aacdb (webtiles) character file.

4101 Inarius the Fighter (level 10, -4/83 HPs)
             Began as a Mummy Fighter on Sept 16, 2018.
             Slain by a wyvern (11 damage)
             ... on level 8 of the Dungeon.
             The game lasted 00:14:04 (9137 turns).

Inarius the Fighter (Mummy Fighter)                 Turns: 9137, Time: 00:14:04

Health: -4/83      AC: 12    Str: 22    XL:     10   Next: 6%
Magic:  10/10      EV:  8    Int:  7    God:
Gold:   529        SH:  0    Dex: 13    Spells: 9/9 levels left

rFire    x . .     SeeInvis .   w - +1 lajatang (speed)
rCold    + . .     Gourm    .   (shield currently unavailable)
rNeg     + + +     Faith    .   g - +0 chain mail
rPois    ∞         Spirit   .   i - +0 helmet
rElec    .         Reflect  .   (no cloak)
rCorr    .         Harm     .   (no gloves)
MR       +....                  b - +0 pair of boots
Stlth    ..........             (no amulet)
HPRegen  0.23/turn              (no ring)
MPRegen  0.12/turn              (no ring)

@: studying Spellcasting
A: no food or potions, fire vulnerability, cold resistance 1, negative energy
resistance 3, torment resistance, unbreathing
a: no special abilities


You were on level 8 of the Dungeon.
You were not hungry.

You visited 2 branches of the dungeon, and saw 9 of its levels.

You collected 529 gold pieces.

Inventory:

Hand Weapons
 a - a +0 long sword
 d - a +0 spear of venom
 h - a +0 dagger of draining
 n - a +1 dagger of speed
 q - a +1 whip of electrocution
 w - a +1 lajatang of speed (weapon)
Missiles
 l - 7 needles of confusion
 m - 2 needles of sleeping
 r - a tomahawk of dispersal
 s - 16 tomahawks (quivered)
Armour
 b - a +0 pair of boots (worn)
 c - a +0 shield
 g - a +0 chain mail (worn)
 i - a +0 helmet (worn)
Wands
 p - a wand of flame (47)
 t - a wand of random effects (17)
 x - a wand of disintegration (9)
 A - a wand of iceblast (6)
Scrolls
 e - 2 scrolls of identify
 f - 4 scrolls of teleportation
 j - 2 scrolls of immolation
 k - a scroll of remove curse
 o - a scroll of enchant armour
 u - a scroll of noise
 v - a scroll of blinking
 y - a scroll of acquirement
 z - 2 scrolls of enchant weapon
 B - a scroll of fog {unknown}
Books
 C - a manual of Spellcasting


   Skills:
 * Level 9.4 Fighting
 - Level 1.5 Long Blades
 + Level 5.3 Staves
 + Level 6.0 Armour
 + Level 6.2 Shields
 + Level 0.2 Evocations


You had 9 spell levels left.
You didn't know any spells.
Your spell library contained the following spells:

 Spells                   Type           Power        Failure   Level  Hunger
 Animate Skeleton         Necr           N/A          98%         1    N/A
 Apportation              Tloc           #.....       98%         1    N/A
 Confusing Touch          Hex            #.....       98%         1    N/A
 Summon Small Mammal      Summ           #...         98%         1    N/A
 Confuse                  Hex            #.......     100%        3    N/A
 Gell's Gravitas          Tloc           #.........   100%        3    N/A
 Petrify                  Tmut/Erth      #.......     100%        4    N/A
 Metabolic Englaciation   Hex/Ice        #.........   100%        5    N/A
 Yara's Violent Unravell  Hex/Tmut       #.........   100%        5    N/A

Dungeon Overview and Level Annotations

Branches:
Dungeon (8/15)             Temple (1/1) D:7
   Lair: D:8-11

Altars:
Ashenzari
Cheibriados
Dithmenos
Elyvilon
Fedhas
Hepliaklqana
Kikubaaqudgha
Makhleb
Okawaru
Qazlal
Ru
Sif Muna
Trog
Uskayaw
Vehumet
Wu Jian
Xom
Yredelemnul
Zin
The Shining One

Shops:
D:6 =

Annotations:
D:4 2 transporters, Ijustatesigmund's ghost, amateur OpGl


Innate Abilities, Weirdness & Mutations

You do not eat or drink.
Your flesh is vulnerable to fire.
You are immune to poison.
Your flesh is cold resistant. (rC+)
You are immune to negative energy. (rN+++)
You are immune to unholy pain and torment.
You can survive without breathing.


Message History

You kill the ice beast!
You closely miss the wyvern. The wyvern closely misses you.
You closely miss the wyvern. The wyvern bites you!
You slash the wyvern!
The wyvern is moderately wounded.
The wyvern bites you.
* * * LOW HITPOINT WARNING * * *
The wyvern bites you!
* * * LOW HITPOINT WARNING * * *
You hit the wyvern but do no damage.
The wyvern is moderately wounded.
The wyvern bites you but does no damage.
You slash the wyvern!
The wyvern is heavily wounded.
The wyvern bites you.
* * * LOW HITPOINT WARNING * * *
You hit the wyvern.
The wyvern is severely wounded.
The wyvern bites you!
You die...

.[...............#
.###############.#
.# #.# ## #.# #.#
#.# #.# #.# #@#
#l##############..
#...l)Y(..†)...'..
################..


You could see a wyvern.

Vanquished Creatures
  Pikel (D:4)
  Grinder (D:6)
  Prince Ribbit (D:6)
  Sigmund (D:3)
  Eustachio (D:5)
  A water moccasin (D:5)
  2 black bears (D:7)
  2 sky beasts
  An ice beast (D:8)
  3 ogres
  4 centaurs
  2 big kobolds (D:3)
  Blork the orc (D:4)
  2 bullfrogs (D:8)
  A wyvern skeleton (D:6)
  3 scorpions
  4 wights
  2 howler monkeys
  2 crimson imps
  A centaur zombie (D:6)
  5 hounds
  A centaur skeleton (D:7)
  A gnoll shaman (D:4)
  2 orc priests
  3 iguanas
  3 orc wizards
  Natasha (thrice) (D:2)
  5 worker ants
  Robin (D:2)
  8 gnolls
  A howler monkey skeleton (D:5)
  9 adders
  An ooze (D:5)
  An adder zombie (D:6)
  5 worms
  2 leopard geckos
  34 orcs
  3 ball pythons
  6 bats
  3 bat zombies (D:7)
  3 giant cockroaches
  17 goblins
  17 hobgoblins
  12 jackals
  3 quokkas
  6 frilled lizards
  A jackal skeleton (D:4)
  8 kobolds
  2 quokka skeletons
  5 rats
  2 rat zombies (D:7)
209 creatures vanquished.

Notes
Turn   | Place    | Note
-------+----------+-------------------------------------------
     0 | D:1      | Inarius the Mummy Fighter began the quest for the Orb.
     0 | D:1      | Reached XP level 1. HP: 18/18 MP: 1/1
    41 | D:1      | Reached XP level 2. HP: 9/24 MP: 2/2
   863 | D:1      | Reached XP level 3. HP: 29/29 MP: 3/3
   998 | D:2      | Noticed Natasha
  1001 | D:2      | Killed Natasha
  1154 | D:2      | Found a glowing golden altar of the Shining One.
  1224 | D:2      | Reached skill level 4 in Fighting
  1228 | D:2      | Reached XP level 4. HP: 35/37 MP: 4/4
  1290 | D:2      | Noticed Natasha
  1290 | D:2      | Noticed Robin
  1309 | D:2      | Killed Natasha
  1315 | D:2      | Killed Robin
  1546 | D:2      | Noticed Natasha
  1558 | D:2      | Killed Natasha
  1558 | D:2      | Reached XP level 5. HP: 37/43 MP: 5/5
  2131 | D:3      | Reached skill level 5 in Fighting
  2185 | D:3      | Reached XP level 6. HP: 32/51 MP: 6/6
  2421 | D:3      | Noticed Sigmund
  3455 | D:3      | Killed Sigmund
  3455 | D:3      | Reached skill level 6 in Fighting
  3455 | D:3      | Reached XP level 7. HP: 32/58 MP: 7/7
  3956 | D:3      | Found a faded altar of an unknown god.
  4087 | D:4      | Found a transporter.
  4097 | D:4      | Noticed Ijustatesigmund's ghost (amateur OpGl)
  4295 | D:4      | Found a transporter.
  4425 | D:4      | Noticed Pikel
  4448 | D:4      | Killed Pikel
  4448 | D:4      | Reached skill level 7 in Fighting
  4448 | D:4      | Reached skill level 5 in Shields
  4448 | D:4      | Reached XP level 8. HP: 20/67 MP: 8/8
  4953 | D:4      | Noticed Blork the orc
  4963 | D:4      | Killed Blork the orc
  5406 | D:5      | Entered Level 5 of the Dungeon
  5480 | D:5      | Reached skill level 5 in Armour
  5494 | D:5      | Noticed Eustachio
  5531 | D:5      | Killed Eustachio
  5531 | D:5      | Reached skill level 8 in Fighting
  5831 | D:5      | Reached XP level 9. HP: 67/74 MP: 9/9
  6143 | D:5      | Reached skill level 1 in Staves
  6245 | D:6      | Noticed Grinder
  6268 | D:6      | Killed Grinder
  6279 | D:6      | Noticed Prince Ribbit
  6295 | D:6      | Killed Prince Ribbit
  6534 | D:6      | Found Joroec's Jewellery Shoppe.
  7256 | D:6      | Found an ornate altar of the Wu Jian Council.
  7702 | D:6      | Found a stormy altar of Qazlal.
  7705 | D:6      | Found a white marble altar of Elyvilon.
  7707 | D:6      | Found a hide-covered altar of Uskayaw.
  7707 | D:6      | Found a sacrificial altar of Ru.
  7707 | D:6      | Found an iron altar of Okawaru.
  8144 | D:7      | Reached skill level 9 in Fighting
  8260 | D:7      | Found a glowing silver altar of Zin.
  8283 | D:7      | Found a staircase to the Ecumenical Temple.
  8324 | Temple   | Entered the Ecumenical Temple
  8493 | D:7      | Identified a scroll of acquirement
  8522 | D:7      | Found a bloodstained altar of Trog.
  8767 | D:7      | Found an ancient bone altar of Kikubaaqudgha.
  8976 | D:8      | Found a basalt altar of Yredelemnul.
  9098 | D:8      | Reached skill level 5 in Staves
  9108 | D:8      | Reached XP level 10. HP: 55/83 MP: 10/10
  9137 | D:8      | Slain by a wyvern

Vault maps used:
D:1:      dpeg_arrival_rooms_c, minmay_small_reverse_x
D:2:      nicolae_tso_carved_into_rock, first_ration,
          minmay_randomly_rotated_circles, uniq_natasha, uniq_robin
D:3:      cheibrodos_thug_alley, chequers_ecumenical_altar_simple_redux,
          uniq_sigmund
D:4:      gammafunk_ghost_stat_death, uniq_pikel, uniq_blork_the_orc
D:5:      uniq_eustachio
D:6:      lemuel_doored_altar, grunt_temple_overflow_open, serial_shops,
          nicolae_shop_temple_entry_statues_fountains, uniq_grinder,
          uniq_prince_ribbit1
D:7:      trog_ov_bears_minmay, kennysheep_mini_moat,
          lemuel_zombie_altar_kikubaaqudgha, minmay_temple_entry_statues_pillars
D:8:      yredelemnul_altar_generic
Temple:   zaba_magenta_temple

Skill      XL: |  1  2  3  4  5  6  7  8  9 |
---------------+----------------------------+-----
Armour         | 3 4 5 6 |  6.0
Fighting       | 4 5 6 7 8 9 |  9.4
Shields        | 3 4 5 6 |  6.2
Staves         | 5 |  5.3
Long Blades    | |  1.5
Evocations     | |  0.2

Action                   |  1- 3 |  4- 6 |  7- 9 | 10-12 || total
-------------------------+-------+-------+-------+-------++-------
Melee: Long sword        |    97 |    97 |       |       ||   194
       Spear             |       |   158 |    74 |       ||   232
       Whip              |       |       |   144 |       ||   144
       Lajatang          |       |       |   224 |    24 ||   248
Throw: Tomahawk          |       |       |     2 |       ||     2
Evoke: Wand              |       |       |     4 |       ||     4
  Use: Scroll            |     3 |     4 |     6 |       ||    13
Armor: Scale mail        |    45 |       |       |       ||    45
       Chain mail        |     9 |   135 |   250 |     9 ||   403
Dodge: Dodged            |    39 |    67 |   145 |     3 ||   254
Block: Shield            |    23 |    71 |   152 |       ||   246
       Buckler           |    16 |    21 |       |       ||    37
       Rpst.: Long sword |     9 |    13 |       |       ||    22

Table legend:
 A = Non-vault XP
 B = Vault XP
 C = Vault XP percentage of total XP
 D = Non-vault monster count
 E = Vault monster count
 F = Vault count percentage of total count
                 A         B        C        D         E       F
            +---------+---------+-------+---------+---------+-------
      Total |    3601 |    2258 |  38.5 |     162 |      47 |  22.5
            +---------+---------+-------+---------+---------+-------
        D:1 |      37 |       5 |  11.9 |      19 |       3 |  13.6
        D:2 |     113 |      82 |  42.1 |      13 |      20 |  60.6
        D:3 |     342 |     442 |  56.4 |      32 |      12 |  27.3
        D:4 |     384 |     698 |  64.5 |      28 |       2 |   6.7
        D:5 |     854 |     185 |  17.8 |      21 |       1 |   4.5
        D:6 |     493 |     576 |  53.9 |      19 |       2 |   9.5
        D:7 |     460 |     270 |  37.0 |      14 |       7 |  33.3
        D:8 |     918 |       0 |   0.0 |      16 |       0 |   0.0
            +---------+---------+-------+---------+---------+-------
